 Dungeon Crawl Stone Soup version 0.29-a0-490-g77b3608bb8 (webtiles) character file.

Game seed: 11808869856163965898

91 siradein the Skirmisher (level 4, -3/40 HPs)
             Began as a Ghoul Fighter on May 27, 2022.
             Killed from afar by an orc wizard (6 damage)
             ... with a puff of flame
             ... on level 3 of the Dungeon.
             The game lasted 00:04:00 (2386 turns).

siradein the Skirmisher (Ghoul Fighter)             Turns: 2386, Time: 00:04:01

Health: -3/40      AC:  9    Str: 21    XL:     4   Next: 57%
Magic:  3/3        EV:  7    Int:  3    God:
Gold:   99         SH:  4    Dex:  8    Spells: 3/3 levels left

rFire   . . .      SeeInvis .   a - +0 flail
rCold   + . .      Faith    .   c - +0 buckler
rNeg    + + +      Spirit   .   f - +0 chain mail
rPois   ∞          Reflect  .   (no helmet)
rElec   .          Harm     .   n - scarf {shadows}
rCorr   +          Rampage  .   (no gloves)
Will    .....                   (no boots)
Stlth   ..........              (no amulet)
HPRegen 0.00/turn               o - ring of resist corrosion
MPRegen 0.08/turn               (no ring)

@: inhibited regen
A: claws 1, cold resistance 1, negative energy resistance 3, inhibited
regeneration, torment resistance 2, devour on kill
a: no special abilities


You were on level 3 of the Dungeon.
You visited 1 branch of the dungeon, and saw 3 of its levels.

You collected 99 gold pieces.

Inventory:

Hand Weapons
 a - a +0 flail (weapon)
Missiles
 e - 104 stones (quivered)
 h - 4 boomerangs
Armour
 c - a +0 buckler (worn)
 f - a +0 chain mail (worn)
 n - a scarf of shadows (worn)
Jewellery
 o - a ring of resist corrosion (left claw)
 s - a +4 ring of evasion
Scrolls
 i - a scroll of fear {unknown}
 j - a scroll of identify {unknown}
 l - a scroll of summoning {unknown}
 p - a scroll of immolation {unknown}
 q - a scroll of fog {unknown}
 r - a scroll of enchant armour {unknown}
Potions
 b - a potion of lignification {unknown}
 d - 2 potions of might
 g - a potion of resistance {unknown}
 k - a potion of degeneration {unknown}
 m - a potion of brilliance {unknown}


   Skills:
 + Level 4.0 Fighting
 + Level 2.5 Maces & Flails
 + Level 3.3 Armour
 + Level 3.3 Shields


You had 3 spell levels left.
You didn't know any spells.
Your spell library was empty.

Dungeon Overview and Level Annotations

Branches:
Dungeon (3/15)

Altars:
Hepliaklqana


Innate Abilities, Weirdness & Mutations

You are immune to poison.
You have sharp fingernails.
Your flesh is cold resistant. (rC+)
You are immune to negative energy. (rN+++)
You do not regenerate when monsters are visible.
You are immune to unholy pain and torment.
You thrive by killing the living.


Message History

You hear some strange, mumbled words.
Something tries to affect you, but you resist.
Something hits you. The orc attacks as you move away!
The orc hits you but does no damage. Something hits you but does no damage.
Something hits you but does no damage. The orc attacks as you move away!
You block the orc's attack. The orc attacks as you move away!
The orc closely misses you. You block something's attack.
Something hits you but does no damage. Something hits you.
You miss something. Something hits you but does no damage.
You closely miss something. Something hits you but does no damage.
Something hits you.
You barely miss something. Something hits you.
You miss something. Something hits you but does no damage.
You miss something. Something hits you but does no damage.
You miss something.
Something hits you but does no damage. x2
You closely miss something. Something hits you but does no damage.
You miss something. Something hits you but does no damage.
You closely miss something.
Something hits you but does no damage. x2
You barely miss something. Something hits you.
* * * LOW HITPOINT WARNING * * *
You hit something.
You hear some strange, mumbled words.
A magic dart appears from out of thin air!
The magic dart hits you!
* * * LOW HITPOINT WARNING * * *
You miss something. Something hits you but does no damage.
You hear some strange, mumbled words.
A magic dart appears from out of thin air!
The magic dart hits you but does no damage.
You barely miss something. Something hits you but does no damage.
You miss something. Something hits you but does no damage.
You closely miss something. Something hits you but does no damage.
You hit something.
You hear some strange, mumbled words.
A puff of flame appears from out of thin air!
The puff of flame hits you.
You die...

#.##.###.# .... ._. # #)#
#.##...# . #.###.#...# #
#.....#...# #. ##..##...# ..
###.##......# #.# #..........###
.. #.#.##.......#####.#
..#.##†..###oo{@.#.# ######
.......#########...# ##.....##
...................####.......##
#...##.##########...............
.... #.# ####..###.......... ...
..# #.....# #.......... .# .###
####.###.# #.......... .#
#####.[..# .............. ..
#.....#### #####.........


You could see 2 orcs.

Vanquished Creatures
  4 adders
  2 worms (D:2)
  3 dart slugs (D:1)
  2 orcs (D:3)
  An endoplasm (D:1)
  5 goblins
  4 hobgoblins
  4 jackals (D:2)
  4 kobolds
  6 ball pythons
  3 bats
  2 frilled lizards (D:1)
  5 rats
45 creatures vanquished.

Vanquished Creatures (others)
  A plant (D:2)
1 creature vanquished.

Grand Total: 46 creatures vanquished

Notes
Turn   | Place    | Note
-------+----------+-------------------------------------------
     0 | D:1      | siradein the Ghoul Fighter began the quest for the Orb.
     0 | D:1      | Reached XP level 1. HP: 19/19 MP: 0/0
   126 | D:1      | Reached XP level 2. HP: 26/26 MP: 1/1
   440 | D:1      | Reached XP level 3. HP: 31/31 MP: 2/2
  1038 | D:2      | Found a faded altar of an unknown god.
  1112 | D:2      | Reached XP level 4. HP: 23/40 MP: 3/3
  1926 | D:2      | Reached skill level 4 in Fighting
  2332 | D:3      | Found a hazy altar of Hepliaklqana.
  2386 | D:3      | Killed from afar by an orc wizard

Illustrated notes

Levels and vault maps discovered:
D:1:      sevenhm_arrival_forest_fort_small_5, layout_rooms, serial_bayou_pond_d
D:2:      minmay_evil_eye, layout_basic, serial_aquarium,
          aquarium_bridge_straight [aquarium_subvault_bridge,
          aquarium_subvault_wall, aquarium_subvault_bridge,
          aquarium_subvault_balcony], aquarium_window_corridor_3,
          aquarium_window_fake, aquarium_view_2e, aquarium_pool_2,
          dreamdust_ecumenical_altar_grove
D:3:      layout_rooms, chequers_temple_overflow_statue_of_worship

Skill      XL: |  1  2  3  4 |
---------------+-------------+-----
Maces & Flails | 2 |  2.5
Armour         | 3 |  3.3
Shields        | 3 |  3.3
Fighting       | 4 |  4.0

Action                   |  1- 3 |  4- 6 || total
-------------------------+-------+-------++-------
Melee: Flail             |   119 |    70 ||   189
Armor: Scale mail        |    42 |       ||    42
       Chain mail        |    46 |    53 ||    99
Dodge: Dodged            |    54 |    31 ||    85
Block: Buckler           |    32 |    16 ||    48

Table legend: (Time is in decaauts)
 A = Elapsed time spent in this place.
 B = Non-inter-level travel time spent in this place.
 C = Inter-level travel time spent in this place.
 D = Time resting spent in this place.
 E = Time spent auto-exploring this place.
 F = Levels seen in this place.
 G = Mean time per level.
                   A        B        C        D        E       F      G
               +--------+--------+--------+--------+--------+-----+--------+
         Total |   2452 |   2397 |     55 |      0 |   1900 |   3 |  817.3 |
       Dungeon |   2452 |   2397 |     55 |      0 |   1900 |   3 |  817.3 |
               +--------+--------+--------+--------+--------+-----+--------+

Top non-repeatable levels by time:
     D:2: 1489 daAuts
     D:1: 726 daAuts
     D:3: 236 daAuts
